 Dungeon Crawl Stone Soup version 0.20-a0-435-gf4ea4dd (webtiles) character file.

19371 HallandMoats the Fighter (level 12, -3/114 HPs)
             Began as a Minotaur Fighter on Jan 5, 2017.
             Was a High Priest of the Shining One.
             Slain by a gargoyle
             ... wielding a +0 dire flail
              (16 damage)
             ... on level 12 of the Dungeon.
             The game lasted 00:25:08 (10219 turns).

HallandMoats the Fighter (Minotaur Fighter)        Turns: 10219, Time: 00:25:09

Health: -3/114     AC: 11    Str: 28    XL:     12   Next: 35%
Magic:  15/15      EV: 16    Int: 10    God:    the Shining One [*****.]
Gold:   575        SH: 11    Dex: 16    Spells: 11/11 levels left

rFire  + . .     SeeInvis .     a - +10 falchion of Ysutu Zieh {slice, *Contam Int+3}
rCold  + . .     Gourm    .     v - +1 ring mail {rF+}
rNeg   + + .     Faith    +     c - +0 shield
rPois  .         Spirit   .     (helmet unavailable)
rElec  .         Reflect  .     F - +0 cloak
rCorr  .         Harm     .     (no gloves)
MR     ++...                    (no boots)
Stlth  +.........               A - amulet of faith
                                D - +3 ring of dexterity
                                q - ring of protection from magic

@: mighty, lethally poisoned (-3 -> -15), glowing
A: retaliatory headbutt, horns 3, rugged brown scales 1, clever 1, cold
resistance 1, magic resistance 1, regeneration 1, screaming 1, MP-powered wands
a: Divine Shield, Cleansing Flame, Summon Divine Warrior, Renounce Religion


You were on level 12 of the Dungeon.
You worshipped the Shining One.
The Shining One was extremely pleased with you.
You were not hungry.

You visited 1 branch of the dungeon, and saw 12 of its levels.

You collected 767 gold pieces.
You spent 192 gold pieces at shops.

Inventory:

Hand Weapons
 a - the +10 falchion of Ysutu Zieh (weapon) {slice, *Contam Int+3}
   (You bought it in a shop on level 5 of the Dungeon)

   It inflicts extra damage upon your enemies.
   It affects your intelligence (+3).
   It causes magical contamination when unequipped.
 i - a +1 morningstar of protection
 j - a +1 morningstar
 Q - the +9 short sword of Moobbi {freeze, MR+ Dex+3}
   (You found it on level 9 of the Dungeon)

   It has been specially enchanted to freeze those struck by it, causing extra
   injury to most foes and up to half again as much damage against particularly
   susceptible opponents.
   It can also slow down cold-blooded creatures.
   It affects your dexterity (+3).
   It affects your resistance to hostile enchantments.
Armour
 c - a +0 shield (worn)
 t - a +2 ring mail of fire resistance
 v - a +1 ring mail of fire resistance (worn)
 F - a +0 cloak (worn)
Jewellery
 b - an uncursed ring of poison resistance
 m - an uncursed amulet of regeneration {unknown}
 q - a ring of protection from magic (left hand)
 A - an amulet of faith (around neck)
 D - a +3 ring of dexterity (right hand)
 G - an uncursed ring of wizardry
 M - an uncursed amulet of harm
 O - an uncursed ring of protection from magic
Wands
 l - a wand of iceblast (10/15)
Scrolls
 n - a scroll of fog
 p - 4 scrolls of remove curse
 r - 4 scrolls of recharging
 y - 3 scrolls of enchant armour
 z - a scroll of immolation
 E - a scroll of amnesia
Potions
 d - 2 potions of might
 e - 5 potions of curing
 h - 5 potions of lignification
 k - 4 potions of cure mutation
 o - 3 potions of magic
 w - 4 potions of brilliance
 B - a potion of resistance {unknown}
 H - a potion of agility {unknown}
 L - 2 potions of degeneration {unknown}
 N - a potion of invisibility {unknown}
 P - a potion of haste {unknown}
Books
 s - a book of Callings

   Spells                             Type                      Level
   a - Summon Small Mammal            Summoning                    1
   b - Call Imp                       Summoning                    2
   c - Call Canine Familiar           Summoning                    3
   d - Summon Guardian Golem          Hexes/Summoning              3
   e - Summon Lightning Spire         Summoning/Air                4
   f - Summon Ice Beast               Ice/Summoning                4
 x - a book of Ice

   Spells                             Type                      Level
   a - Ice Form                       Ice/Transmutation            4
   b - Metabolic Englaciation         Hexes/Ice                    5
   c - Ozocubu's Refrigeration        Ice                          6
   d - Bolt of Cold                   Conjuration/Ice              6
   e - Freezing Cloud                 Conjuration/Ice/Air          6
   f - Simulacrum                     Ice/Necromancy               6
 J - a book of Clouds

   Spells                             Type                      Level
   a - Mephitic Cloud                 Conjuration/Poison/Air       3
   b - Conjure Flame                  Conjuration/Fire             3
   c - Poisonous Cloud                Conjuration/Poison/Air       5
   d - Freezing Cloud                 Conjuration/Ice/Air          6
   e - Ring of Flames                 Charms/Fire                  7
 K - a book of Changes

   Spells                             Type                      Level
   a - Beastly Appendage              Transmutation                1
   b - Sticks to Snakes               Transmutation                2
   c - Spider Form                    Transmutation/Poison         3
   d - Ice Form                       Ice/Transmutation            4
   e - Blade Hands                    Transmutation                5
Miscellaneous
 I - a phantom mirror
Comestibles
 f - 5 bread rations
 g - 9 meat rations
 u - 10 royal jellies
 C - a beef jerky


   Skills:
 * Level 11.7 Fighting
 * Level 11.5 Long Blades
 * Level 11.4 Armour
 * Level 10.2 Dodging
 - Level 5.3 Shields
 + Level 5.5 Invocations
 + Level 5.0 Evocations


You had 11 spell levels left.
You didn't know any spells.

Dungeon Overview and Level Annotations

Branches:
Dungeon (12/15)            Temple (0/1) D:4            Lair (0/6) D:9
    Orc (0/2) D:10

Altars:
Elyvilon
Fedhas
Gozag
Hepliaklqana
Kikubaaqudgha
Makhleb
Nemelex Xobeh
Sif Muna
Uskayaw
Xom
Yredelemnul
The Shining One

Shops:
D:4 *   D:5 *   D:10 (

Annotations:
D:12 Nessos


Innate Abilities, Weirdness & Mutations

You reflexively headbutt those who attack you in melee.
You have a pair of large horns on your head.
You are partially covered in rugged brown scales. (AC +1, +3% HP)
Your mind is acute. (Int +2)
Your flesh is cold resistant. (rC+)
You are resistant to hostile enchantments. (MR+)
Your natural rate of healing is unusually fast.
You occasionally shout uncontrollably at your foes.
You expend magic power (3 MP) to strengthen your wands.


Message History

You slice the yak!!
You kill the yak!
Nessos unwields an uncursed longbow of flaming.
It stops flaming.
Nessos wields an uncursed spear.
Nessos hits you but does no damage. The yak completely misses you.
You furiously retaliate!
You headbutt the yak!!
You kill the yak!
The gargoyle hurls a stone arrow at you.
The stone arrow hits you!
* * * LOW HITPOINT WARNING * * *
Nessos blinks!
Nessos unwields an uncursed spear.
Nessos wields an uncursed longbow of flaming.
It bursts into flame!
Nessos shoots an arrow.
The arrow hits you!
* * * LOW HITPOINT WARNING * * *
The arrow burns you.
You are more poisoned.
* * * LOW HITPOINT WARNING * * *
The gargoyle hits you with a dire flail!
You die...

##......((.#.......
#####.c##((c......
#..####<...... #..#
....... #..#
#...... #####..#
...... #..##.†#
...... ##...#(##
..... #....@9#
..... ##......#
#.......##
#........#
##........##
#..........#
#.........## ######
##.......##
.......## ##.....##
..........


You could see Nessos and a gargoyle.

Vanquished Creatures
  Kirke (D:12)
  The ghost of Vash the Cleaver, a journeyman MiGl of the Shining One (D:12)
  Harold (D:11)
  A death knight (D:11)
  2 two-headed ogres
  Nergalle (D:11)
  An unseen horror (D:10)
  A phantasmal warrior (D:11)
  A deep elf mage (D:12)
  3 cyclopes (D:11)
  An ugly thing (D:10)
  Joseph (D:8)
  A gargoyle (D:10)
  A komodo dragon (D:12)
  2 freezing wraiths (D:11)
  2 kobold demonologists (D:11)
  A troll (D:12)
  Grinder (D:6)
  A slime creature (D:11)
  4 hippogriffs
  2 wyverns
  A wraith (D:12)
  9 yaks
  A hog (D:12)
  Grum (D:10)
  2 hungry ghosts
  4 sky beasts
  A black bear (D:6)
  4 ice beasts
  An eye of draining (D:12)
  5 orc warriors
  An ogre (D:7)
  4 centaurs
  3 wolves (D:10)
  7 bullfrogs
  2 scorpions
  3 killer bees (D:10)
  5 howler monkeys
  3 centaur zombies
  5 crimson imps
  A bullfrog zombie (D:11)
  5 jellies
  2 quasits
  6 hounds
  5 orc priests
  A gnoll shaman (D:5)
  3 centaur skeletons
  2 bullfrog skeletons
  6 iguanas
  Natasha (D:2)
  14 orc wizards
  8 worker ants
  A killer bee zombie (D:9)
  A hound skeleton (D:10)
  10 gnolls
  A howler monkey skeleton (D:8)
  12 adders
  4 shadow imps
  7 oozes
  An adder skeleton (D:5)
  3 worms
  3 dart slugs
  7 leopard geckos
  48 orcs
  5 bats
  7 giant cockroaches
  2 gnoll zombies (D:9)
  7 goblins
  8 hobgoblins
  2 jackals (D:4)
  12 kobolds
  A ball python (D:2)
  5 frilled lizards
  18 rats
311 creatures vanquished.

Vanquished Creatures (others)
  A worker ant (D:12)
1 creature vanquished.

Grand Total: 312 creatures vanquished

Notes
Turn   | Place    | Note
-------+----------+-------------------------------------------
     0 | D:1      | HallandMoats the Minotaur Fighter began the quest for the Orb.
     0 | D:1      | Reached XP level 1. HP: 19/19 MP: 0/0
    59 | D:1      | Reached XP level 2. HP: 18/27 MP: 1/1
   169 | D:1      | Reached skill level 1 in Dodging
   249 | D:1      | Reached XP level 3. HP: 33/33 MP: 2/2
   477 | D:2      | Found a white marble altar of Elyvilon.
   481 | D:2      | Found a blossoming altar of Fedhas.
   777 | D:2      | Reached XP level 4. HP: 40/40 MP: 3/3
  1158 | D:2      | Found a faded altar of an unknown god.
  1318 | D:3      | Noticed Natasha
  1331 | D:3      | Reached XP level 5. HP: 43/47 MP: 4/4
  1352 | D:2      | Killed Natasha
  2340 | D:4      | Reached skill level 5 in Fighting
  2340 | D:4      | Reached XP level 6. HP: 44/56 MP: 5/5
  2415 | D:4      | Found a hide-covered altar of Uskayaw.
  2600 | D:4      | Found a staircase to the Ecumenical Temple.
  2676 | D:4      | Reached skill level 5 in Long Blades
  2823 | D:4      | Found Otiuq's General Store.
  2919 | D:4      | Noticed an ice beast
  2922 | D:4      | Reached skill level 5 in Armour
  2931 | D:4      | Killed an ice beast
  2931 | D:4      | Reached XP level 7. HP: 27/61 MP: 6/6
  3412 | D:5      | Entered Level 5 of the Dungeon
  3497 | D:5      | Reached skill level 5 in Shields
  3546 | D:5      | Found Maorph's Assorted Antiques.
  3558 | D:5      | Bought a steaming falchion for 192 gold pieces
  3558 | D:5      | Identified the +10 falchion of Ysutu Zieh {slice, *Contam Int+3} (You bought it in a shop on level 5 of the Dungeon)
  3627 | D:5      | Found a glowing golden altar of the Shining One.
  3650 | D:5      | Became a worshipper of the Shining One
  3911 | D:5      | Gained mutation: You have a pair of large horns on your head. [mutagenic meat]
  3912 | D:5      | Gained mutation: Your mind is acute. (Int +2) [mutagenic meat]
  3913 | D:5      | Gained mutation: You are resistant to hostile enchantments. (MR+) [mutagenic meat]
  3914 | D:5      | Gained mutation: You occasionally shout uncontrollably at your foes. [mutagenic meat]
  4150 | D:6      | Reached XP level 8. HP: 70/70 MP: 7/7
  4455 | D:6      | Found an opulent altar of Gozag.
  4459 | D:6      | Noticed Grinder
  4465 | D:6      | Killed Grinder
  4555 | D:7      | Noticed a hippogriff
  4557 | D:7      | Reached skill level 5 in Dodging
  4562 | D:7      | Killed a hippogriff
  4562 | D:7      | Reached skill level 1 in Invocations
  4572 | D:7      | Reached skill level 1 in Evocations
  4644 | D:7      | Noticed a hippogriff
  4655 | D:7      | HP: 3/73 [hippogriff (4)]
  4656 | D:7      | Killed a hippogriff
  4656 | D:7      | Reached XP level 9. HP: 3/79 MP: 9/9
  5026 | D:7      | Found a deep blue altar of Sif Muna.
  5078 | D:7      | Found a hide-covered altar of Uskayaw.
  5078 | D:7      | Reached * piety under the Shining One
  5591 | D:8      | You fall through a shaft for 3 floors!
  5681 | D:11     | Noticed a cyclops
  5685 | D:11     | Noticed Harold
  5688 | D:11     | Killed a cyclops
  5695 | D:11     | Killed Harold
  5695 | D:11     | Reached XP level 10. HP: 49/90 MP: 9/11
  5701 | D:10     | Entered Level 10 of the Dungeon
  6029 | D:10     | Found a staircase to the Orcish Mines.
  6031 | D:10     | Noticed an unseen horror
  6031 | D:10     | Reached ** piety under the Shining One
  6034 | D:10     | Killed an unseen horror
  6075 | D:9      | Found a shimmering altar of Xom.
  6076 | D:9      | Found a hazy altar of Hepliaklqana.
  6312 | D:8      | Found a sparkling altar of Nemelex Xobeh.
  6313 | D:8      | Noticed Joseph
  6333 | D:8      | Killed Joseph
  6547 | D:8      | Found a burning altar of Makhleb.
  7115 | D:9      | Got a shimmering short sword
  7117 | D:9      | Identified the +9 short sword of Moobbi {freeze, MR+ Dex+3} (You found it on level 9 of the Dungeon)
  7126 | D:9      | Gained mutation: You are partially covered in rugged brown scales. (AC +1, +3% HP) [potion of beneficial mutation]
  7127 | D:9      | Gained mutation: Your natural rate of healing is unusually fast. [potion of beneficial mutation]
  7207 | D:9      | Reached *** piety under the Shining One
  7235 | D:9      | Reached skill level 10 in Fighting
  7413 | D:9      | Found a staircase to the Lair.
  7611 | D:9      | Found a basalt altar of Yredelemnul.
  7735 | D:10     | Found Jujof's Weapon Shop.
  7785 | D:10     | You fall through a shaft for 2 floors!
  7786 | D:12     | Noticed Nessos
  7791 | D:11     | Noticed a cyclops
  7796 | D:11     | Noticed a death knight
  7797 | D:11     | Noticed a phantasmal warrior
  7882 | D:10     | Noticed a gargoyle
  7886 | D:10     | Noticed Grum
  7892 | D:10     | Killed a gargoyle
  7894 | D:10     | Killed Grum
  7894 | D:10     | Reached XP level 11. HP: 59/101 MP: 13/13
  8053 | D:10     | Noticed a two-headed ogre
  8061 | D:10     | Killed a two-headed ogre
  8061 | D:10     | Reached skill level 10 in Long Blades
  8365 | D:10     | Found a shimmering altar of Xom.
  8373 | D:10     | Found a shimmering altar of Xom.
  8373 | D:10     | Found a shimmering altar of Xom.
  8374 | D:10     | Found a shimmering altar of Xom.
  8374 | D:10     | Found a shimmering altar of Xom.
  8375 | D:10     | Found a shimmering altar of Xom.
  8375 | D:10     | Found a shimmering altar of Xom.
  8435 | D:10     | Found an ancient bone altar of Kikubaaqudgha.
  8487 | D:10     | Noticed a white ugly thing
  8496 | D:10     | Killed a white ugly thing
  8502 | D:10     | Gained mutation: You expend magic power (3 MP) to strengthen your wands. [mutagenic meat]
  8786 | D:10     | Noticed an unseen horror
  8787 | D:10     | an unseen horror changed into a meliai
  9042 | D:11     | Reached **** piety under the Shining One
  9071 | D:11     | Reached skill level 10 in Armour
  9293 | D:11     | Noticed Nergalle
  9301 | D:11     | Killed Nergalle
  9393 | D:11     | Killed a death knight
  9397 | D:11     | Killed a phantasmal warrior
  9436 | D:11     | Noticed a two-headed ogre
  9441 | D:11     | Killed a two-headed ogre
  9441 | D:11     | Reached skill level 5 in Invocations
  9838 | D:12     | Noticed a deep elf mage
  9842 | D:12     | Killed a deep elf mage
  9842 | D:12     | Reached XP level 12. HP: 113/113 MP: 14/14
  9865 | D:12     | Gained mutation: Your flesh is cold resistant. (rC+) [mutagenic meat]
  9877 | D:12     | Noticed Vash's ghost (journeyman MiGl)
  9897 | D:12     | Killed Vash's ghost
 10020 | D:12     | Reached skill level 10 in Dodging
 10151 | D:12     | Reached ***** piety under the Shining One
 10174 | D:12     | Noticed Kirke
 10186 | D:12     | Killed Kirke
 10186 | D:12     | Reached skill level 5 in Evocations
 10219 | D:12     | Slain by a gargoyle

Vault maps used:
D:1:      erik_arrival_orb_chamber
D:2:      minmay_kobold_bridge, grunt_temple_overflow_open,
          chequers_ecumenical_altar_lobes
D:3:      cheibrodos_helix_gallery, first_bread, uniq_natasha
D:4:      nicolae_overflow_crystal_walls, serial_shops, kennysheep_little_box
D:5:      serial_shops, nicolae_shop_crystal, tso_metal_star
D:6:      corexii_shack_village, kennysheep_mini, st_stairs_6, uniq_grinder
D:7:      lemuel_crystal_altar, basic_altar
D:8:      nemelex_xobeh_ov_fountains_minmay, basic_altar, uniq_joseph
D:9:      regret_index_temple_of_mockery, lemuel_zombie_altar_yredelemnul,
          lair_entry_dummy
D:10:     basic_altar, serial_shops, shop, xom_shifter_show, uniq_grum
D:11:     hangedman_little_slice_of_home, hangedman_decor_push, uniq_nergalle,
          uniq_harold
D:12:     uniq_nessos, uniq_kirke

Skill      XL: |  1  2  3  4  5  6  7  8  9 10 11 12 |
---------------+-------------------------------------+-----
Long Blades    | 3 4 5 6 7 8 9 11 | 11.5
Dodging        | 1 2 3 4 5 7 8 9 10 | 10.2
Shields        | 4 5 |  5.3
Fighting       | 4 5 6 7 8 10 11 | 11.7
Armour         | 4 5 6 7 8 9 10 11 | 11.4
Invocations    | 1 3 4 5 |  5.5
Evocations     | 1 2 3 4 5 |  5.0

Action                   |  1- 3 |  4- 6 |  7- 9 | 10-12 || total
-------------------------+-------+-------+-------+-------++-------
Melee: Long sword        |    98 |   140 |    35 |       ||   273
       Headbutt          |    17 |    36 |    35 |    79 ||   167
       Falchion          |       |       |   111 |   325 ||   436
Invok: Divine Shield     |       |       |       |     1 ||     1
  Use: Potion            |       |     1 |     1 |     6 ||     8
       Scroll            |       |     2 |       |    23 ||    25
  Eat: Fruit             |       |     1 |    10 |     5 ||    16
       Chunk             |       |     5 |     4 |    11 ||    20
       Beef jerky        |       |       |       |     4 ||     4
       Pizza             |       |       |       |     1 ||     1
       Bread ration      |       |       |       |     1 ||     1
Armor: Scale mail        |    39 |    25 |       |       ||    64
       Ring mail         |       |    17 |    26 |    62 ||   105
Dodge: Dodged            |    44 |    50 |    55 |   180 ||   329
Block: Shield            |    53 |    63 |    60 |   158 ||   334
       Rpst.: Long sword |    10 |    22 |     1 |       ||    33
       Falchion          |       |       |    11 |    42 ||    53
